Workbook
Name a: #REF!
Name actions: #REF!
Name actionsnew: '[1]Worksheet.Drop Down '!$D$17:$D$32
Name actionsnew: #REF!
Name adaptationactions: #REF!
Name adaptationtargets: '[1]Worksheet.Percep.Index'!$O$53:$O$57
Name adaptationtargets: #REF!
Name adaptationthemes: #REF!
Name agencies: #REF!
Name agency: '[1]Worksheet.Drop Down '!$E$2:$E$11
Name agency: #REF!
Name agriculture: '[1]Worksheet.Drop Down '!$L$17:$L$23
Name agriculture: #REF!
Name awareness: '[1]Worksheet.Percep.Index'!$O$35:$O$39
Name awareness: #REF!
Name budgettargets: '[1]Worksheet.Percep.Index'!$O$46:$O$50
Name budgettargets: #REF!
Name capacity: '[1]Worksheet.Percep.Index'!$O$24:$O$28
Name capacity: #REF!
Name capacitytech: '[1]Worksheet.Percep.Index'!$O$93:$O$97
Name capacitytech: #REF!
Name disaster: '[1]Worksheet.Drop Down '!$Q$17:$Q$23
Name disaster: #REF!
Name disease: '[1]Worksheet.Drop Down '!$I$17:$I$23
Name disease: #REF!
Name effectiveness: '[1]Worksheet.Percep.Index'!$O$64:$O$68
Name effectiveness: #REF!
Name effectoveness: #REF!
Name fund: '[1]Worksheet.Drop Down '!$D$2:$D$3
Name fund: #REF!
Name funds: #REF!
Name fundstype: #REF!
Name fundstype: #REF!
Name fundstype: #REF!
Name fundtype: #REF!
Name fundtype: #REF!
Name fundtype: #REF!
Name income: '[1]Worksheet.Drop Down '!$R$17:$R$23
Name income: #REF!
Name infrastructure: '[1]Worksheet.Drop Down '!$J$17:$J$23
Name infrastructure: #REF!
Name insurance: '[1]Worksheet.Drop Down '!$P$17:$P$23
Name insurance: #REF!
Name monitoringsystem: '[1]Worksheet.Drop Down '!$B$17:$B$22
Name monitoringsystem: #REF!
Name naturalassets: '[1]Worksheet.Drop Down '!$K$17:$K$23
Name naturalassets: #REF!
Name NoYes: #REF!
Name number: #REF!
Name objective: '[1]Worksheet.Drop Down '!$C$2:$C$4
Name objective: #REF!
Name objective: #REF!
Name objective: #REF!
Name objectives: #REF!
Name p: #REF!
Name p: #REF!
Name p: #REF!
Name planningframeworks: '[1]Worksheet.Drop Down '!$H$17:$H$23
Name planningframeworks: #REF!
Name policy: '[1]Worksheet.Percep.Index'!$O$85:$O$89

Sheet General Project Information 
C1: Climate Change Adaptation - LDCF/SCCF Adaptation Monitoring and Assessment Tool
B2: Goal: Support developing countries to become climate resilient by integrating adaptation measures in development policies, plans, programs, projects and actions
B3: Impact: Reduced absolute economic losses at country level (including loss of life, property and ecosystem services) due to climate change, including variability
B4: Indicator: Economic loss trend over a project period and beyond due to climate change, including variability
B5: Metric: Total property loss per event in $US/ Number of people affected by event during the project lifetime (Use CRED or Country Data)
B6: Project Title | C6: Sustainable Land Management Project (SLMP-2)
B7: GEF ID | C7: P133410
B8: Country | C8: Ethiopia
B9: Agency | C9: Ministry of Agriculture and Natural Resources
B10: Trust Fund | C10: GEF, LDCF, Norway Gov't
B11: LDCF/SCCF Objective | C11: Reduce land degradation
C12: Improve land productivity
C13: Scaling up best practices
B14: Project's Primary Sector | C14: Land Management
B15: AMAT Completion date | C15: 42849
B16: Person Responsible for Completing the AMAT
B17: Name | C17: Habtamu Hailu
B18: Position | C18: National Program Coordinator
B20: LEGEND - Color Codes
B21: INPUT- Please Fill In
B22: No Entry Required
B23: No Entry Required

Sheet Target at CEO Endorsement
C1: Climate Change Adaptation - LDCF/SCCF Adaptation Monitoring and Assessment Tool
B2: Goal: Support developing countries to become climate resilient by integrating adaptation measures in development policies, plans, programs, projects and actions
B3: Impact: Reduced absolute economic losses at country level (including loss of life, property and ecosystem services) due to climate change, including variability
B4: Indicator: Economic loss trend over a project period and beyond due to climate change, including variability
B5: Metric: Total property loss per event in $US/ Number of people affected by event during the project lifetime (Use CRED or Country Data)
B8: Objective 1: Reduce vulnerability to the adverse impacts of climate change, including variability, at local, national, regional and global level
C9: Outcome and Output Indicators | D9: Metric | E9: Target at CEO Endorsement | H9: Baseline
B10: Outcome 1.1: Mainstreamed adaptation in broader development frameworks at country level and in targeted vulnerable areas
E11: Number | F11: Type | H11: Number | I11: Type
B12: Indicator 1.1.1 | C12: Adaptation actions implemented in national/sub-regional development frameworks | D12: Number and type
E19: Type | F19: YES/NO | H19: Type | I19: YES/NO
B20: Indicator 1.1.2 | C20: For each action listedunder Indicator 1.1.1, indicate which ones include adaptation budget allocation and targets | D20: Yes =Y, No=N
E27: Type | F27: Score | H27: Type | I27: Score
B28: Indicator 1.1.3 | C28: For each action listed under Indicator 1.1.1, indicate to what extent targets set out in plans have been met | D28: Score: 1= Not significantly 2= Significantly 3= significantly
B35: Output 1.1.1: Adaptation measures and necessary budget allocations included in relevant frameworks
E36: Type | F36: Level | H36: Type | I36: Level
B37: Indicator 1.1.1.1 | C37: Development frameworks that include specific budgets for adaptation actions | D37: List type of development framework and briefly describe the level of the action
E44: Type | F44: Level | H44: Type | I44: Level
B45: Indicator 1.1.1.2 | C45: Sectoral strategies that include specific budgets for adaptation actions | D45: List type and level
E52: Type | F52: Level | H52: Type | I52: Level
B53: Indicator 1.1.1.3 | C53: Regulatory reform and fiscal incentive structures introduced that incorporate climate change risk management | D53: List type and level
B59: Outcome 1.2: Reduced vulnerability in development sectors
B60: Based on development sector(s) that project/program targets, select appropriate indicator(s) from list below or provide relevant indicator to track reduced vulnerability in targeted development sector:
B61: Indicator 1.2.1 | C61: Infection rates of population to climate- sensitive diseases as compared with past population infected per year similar climatic conditions (% change) | D61: % change | H61: 0% change
E62: Female | F62: Male | H62: Female | I62: Male
B63: Indicator 1.2.2 | C63: % of targeted population covered by innovative insurance mechanisms (dissagregated by gender) | D63: % dissagregated by gender
B64: Indicator 1.2.3 | C64: Number of additional people provided with access to safe water supply and basic sanitation services given existing and projected climate change | D64: number dissagregated by gender
B65: Indicator 1.2.4 | C65: Increase in water supply targeted areas | D65: tons/m3 | H65: no increase
B66: Indicator 1.2.5 | C66: Increase in agricultural productivity in targeted areas | D66: tons/ha | H66: no increase
B67: Indicator 1.2.6 | C67: Water availability for energy production | D67: (liters/gallons available for hydropower)
B68: Indicator 1.2.7 | C68: Energy production from hydropower | D68: (kW/hr generated from hydro)
B69: Indicator 1.2.8 | C69: % change in projected food production in targeted area given existing and projected climate change | D69: % change of food production (measured in tons/year) | H69: 0% change
B70: Indicator 1.2.9 | C70: % change in food availability given existing and projected climate change | D70: % change in food availability (measured in tons/year) | H70: 0% change
B71: Indicator 1.2.10 | C71: % change in income generation in targeted area given existing and projected climate change | D71: % change in income (US $) | H71: 0% change
E72: Female | F72: Male | H72: Female | I72: Male
B73: Indicator 1.2.11 | C73: % of population with access to improved flood and drought management | D73: % of population disaggregated by gender | E73: 0.49 | F73: 0.51
B74: Indicator 1.2.12 | C74: % of livestock farmers covered by a monitoring and early warning and response action scheme for climate sensitive plants pests and diseases | D74: % of livestock farmers
B75: Indicator 1.2.13 | C75: % of cropland area covered by a monitoring and early warning and response action scheme for climate sensitive plants pests and diseases | D75: % of cropland area (Ha)
E76: Female | F76: Male | H76: Female | I76: Male
B77: Indicator 1.2.14 | C77: Vulnerability and risk perception index (Score) - Disaggregated by gender | D77: The score for this indicator will have to be assigned based on the results of a conducted survey. The score ranges from 1 to 5 and below are the explanations of the rankings: 1. Extreme Vulnerability 2. High Vulnerability 3. Medium Vulenrability 4. Low Vulnerability 5. No Vulnerability
B84: Output 1.2.1: Vulnerable physical, natural and social assets strengthened in response to climate change impacts, including variability
B85: As with Outcome indicators, include or select indicators, include or select indicator(s) relevant to sector project/program is targeting:
E86: Type | F86: Level | H86: Type | I86: Level
B87: Indicator 1.2.1.1 | C87: Health measures introduced to respond to climate sensitive disease | D87: Type and level
E94: Type | F94: Level | H94: Type | I94: Level
B95: Indicator 1.2.1.2 | C95: Resilient infrastructure measures introduced to prevent economic losses | D95: Type and level
E96: Physical soil water conservation structures | F96: Community
E97: Biological soil and water conservation measures | F97: Community
E98: Water harvesting stuctures | F98: Community
E99: Water lifting structures | F99: Community
E100: Small scale irrigation schemes | F100: Community
E102: Type | F102: Level | H102: Type | I102: Level
B103: Indicator 1.2.1.3 | C103: Climate resilient agricultural practices introduced to promote food security | D103: Type and level
E104: Conservation Agriculture practices | F104: Community
E105: Small scale irrigation water use efficiency | F105: Community
E106: Water harvesting structures water use efficiency | F106: Community
E107: Agroforestry practices | F107: Community
E108: Covercrop and green manuring including composting | F108: Community
E109: Type | F109: Level | H109: Type | I109: Level
B110: Indicator 1.2.1.4 | C110: Sustainable drinking water management practices introduced to increase access to clean drinking water | D110: Type and Level
E111: Spring development | F111: Community
E112: Hand dug wells | F112: Community
E117: Type | F117: Level | H117: Type | I117: Level
B118: Indicator 1.2.1.5 | C118: Sustainable water management practices introduced to increase access to irrigation water under existing and projected climate change | D118: Type and level
E119: Water harvesting sructures (community and HH ponda) | F119: Community
E120: Small Dam building | F120: Community
E121: Gully rehabilitation | F121: Community
E122: River diversion | F122: Community
E123: Water lifting | F123: Community
E125: Type | F125: Level | H125: Type | I125: Level
B126: Indicator 1.2.1.6 | C126: Sustainable water management practices introduced to increase energy production from water resources under existing and projected climate change | D126: Type and level
E133: Type | F133: Level | H133: Type | I133: Level
B134: Indicator 1.2.1.7 | C134: Type and level of innovative insurance mechanisms introduced to reduce climate induced damages | D134: Type and Level
E138: Type | F138: Level | H138: Type | I138: Level
B139: Indicator 1.2.1.8 | C139: Type and level of integrated disaster response measures to extreme climate events introduced to increase number of lives saved | D139: Type and level
B150: Outcome 1.3: Diversified and strengthened livelihoods and sources of income for vulnerable people in targeted areas
E151: Female | F151: Male | H151: Female | I151: Male
B152: Indicator 1.3.1 | C152: Households and communities have more secure access to livelihood assets | D152: Score - Disaggregated by gender. Score for this indicator will have to be assigned based on the results of a conducted survey. The score ranges from 1 to 5 and below are the explanations of the rankings: 1. No access to livelihood assets 2. Poor access to livelihood assets 3. Moderated access to livelihood resources 4. Secure access to livelihood resources 5. Very secure access to livelihood resources | E152: 3 | F152: 4
B153: Indicator 1.3.2 | C153: % increase per capita income of farm households due to adaptation measures applied | D153: % | E153: na | H153: 0 % increase
B154: Indicator 1.3.3 | C154: % increase per capita income of households outside of climate change vulnerable sectors due to adaptation measures applied. | D154: % | E154: na | H154: 0% increase
B155: Output 1.3.1: Targeted individual and community livelihood strategies strengthened in relation to climate change impacts, including variability
B156: Indicator 1.3.1.1 | C156: % of targeted households that have adopted resilient livelihoods under existing and projected climate change | D156: % | H156: 0 targeted households
B157: Objective 2: Increase adaptive capacity to respond to the impacts of climate change, including variability, at local, national, regional and global level
B158: Outcome 2.1: Increased knowledge and understanding of climate variability and change-induced risks at country level and in targeted vulnerable areas
B159: Indicator 2.1.1 | C159: Relevant risk information disseminated to stakeholders (yes/no) | D159: Yes=1, No=0 | E159: 0
B160: Output 2.1.1: Risk and vulnerability assessments conducted and updated
B161: Indicator 2.1.1.1 | C161: Updated risk and vulnerability assessment | D161: Yes=1, No=0 | E161: 0
B162: Indicator 2.1.1.2 | C162: Risk and vulnerability assessment conducted | D162: Yes=1, No=1 | E162: 0
B163: Output 2.1.2.: Systems in place to disseminate timely risk information
E164: Number | F164: Type | H164: Number | I164: Type
B165: Indicator 2.1.2.1 | C165: Type and No. of monitoring systems in place | D165: Number and type of monitoring systems
B170: Outcome 2.2: Strengthened adaptive capacity to reduce risks to climate-induced economic losses
E171: Number | F171: Type | H171: Number | I171: Type
B172: Indicator 2.2.1 | C172: No. and type of targeted institutions with increased adaptive capacity to reduce risks of and response to climate variability | D172: Number and Type
E179: Female | F179: Male | H179: Female | I179: Male
B180: Indicator 2.2.2 | C180: Capacity perception index | D180: Score (1 - 5) to be disaggregated by gender 1. No capacity built 2. Initial Awareness raised (e.g.workshops, seminars) 3. Substantial training in practical application (e.g. vocational training) 4. Knowledge effectively transferred (e.g. passing examination, certification) 5. Ability to apply or disseminate knowledge demonstrated | E180: 2 | F180: 2
B181: Indicator 2.2.3 | C181: Reduced annual property losses from baseline | D181: Change in annual losses $US in the project area | H181: US $0
B182: Output 2.2.1: Adaptive capacity of national and regional centers and networks strengthened to rapidly respond to extreme weather events
D183: Theme: | E183: Female | F183: Male | H183: Theme: | J183: Female | L183: Male
B184: Indicator 2.2.1.1 | C184: No. of staff trained on technical adaptation themes (disaggregated by gender). Themes: - Monitoring/Forecasting capacity (Early Warning System (EWS), Vulnerability mapping system) - Policy reform -Capacity development Sustainable forest management - Agriculture diversification - Improved resilience of agricultural systems - Strengthening infrastructure - Supporting livelihoods - Mangrove reforestation - Coastal drainage/irrigation system - Community-based adaptation - Erosion control/soil water conservation - Microfinance - Special Programs for women - Livelihoods - Water storage - Information and communication technologies (ICT) and information dissemination - Other
...

Sheet Mid-term Results
C1: Climate Change Adaptation - LDCF/SCCF Adaptation Monitoring and Assessment Tool
B2: Goal: Support developing countries to become climate resilient by integrating adaptation measures in development policies, plans, programs, projects and actions
B3: Impact: Reduced absolute economic losses at country level (including loss of life, property and ecosystem services) due to climate change, including variability
B4: Indicator: Economic loss trend over a project period and beyond due to climate change, including variability
B5: Metric: Total property loss per event in $US/ Number of people affected by event during the project lifetime (Use CRED or Country Data)
B8: Objective 1: Reduce vulnerability to the adverse impacts of climate change, including variability, at local, national, regional and global level
C9: Outcome and Output Indicators | D9: Metric | E9: Mid-term Results | H9: Target at CEO Endorsement | K9: Baseline
B10: Outcome 1.1: Mainstreamed adaptation in broader development frameworks at country level and in targeted vulnerable areas
E11: Number | F11: Type | H11: Number | I11: Type | K11: Number | L11: Type
B12: Indicator 1.1.1 | C12: Adaptation actions implemented in national/sub-regional development frameworks | D12: Number and type | H12: ='Target at CEO Endorsement'!E12 -> 0 | I12: ='Target at CEO Endorsement'!F12 -> 0 | K12: ='Target at CEO Endorsement'!H12 -> 0 | L12: ='Target at CEO Endorsement'!I12 -> 0
H13: ='Target at CEO Endorsement'!E13 -> 0 | I13: ='Target at CEO Endorsement'!F13 -> 0 | K13: ='Target at CEO Endorsement'!H13 -> 0 | L13: ='Target at CEO Endorsement'!I13 -> 0
H14: ='Target at CEO Endorsement'!E14 -> 0 | I14: ='Target at CEO Endorsement'!F14 -> 0 | K14: ='Target at CEO Endorsement'!H14 -> 0 | L14: ='Target at CEO Endorsement'!I14 -> 0
H15: ='Target at CEO Endorsement'!E15 -> 0 | I15: ='Target at CEO Endorsement'!F15 -> 0 | K15: ='Target at CEO Endorsement'!H15 -> 0 | L15: ='Target at CEO Endorsement'!I15 -> 0
H16: ='Target at CEO Endorsement'!E16 -> 0 | I16: ='Target at CEO Endorsement'!F16 -> 0 | K16: ='Target at CEO Endorsement'!H16 -> 0 | L16: ='Target at CEO Endorsement'!I16 -> 0
H17: ='Target at CEO Endorsement'!E17 -> 0 | I17: ='Target at CEO Endorsement'!F17 -> 0 | K17: ='Target at CEO Endorsement'!H17 -> 0 | L17: ='Target at CEO Endorsement'!I17 -> 0
H18: ='Target at CEO Endorsement'!E18 -> 0 | I18: ='Target at CEO Endorsement'!F18 -> 0 | K18: ='Target at CEO Endorsement'!H18 -> 0 | L18: ='Target at CEO Endorsement'!I18 -> 0
E19: Type | F19: YES/NO | H19: Type | I19: YES/NO | K19: Type | L19: YES/NO
B20: Indicator 1.1.2 | C20: For each action listedunder Indicator 1.1.1, indicate which ones include adaptation budget allocation and targets | D20: Yes =Y, No=N | H20: ='Target at CEO Endorsement'!E20 -> 0 | I20: ='Target at CEO Endorsement'!F20 -> 0 | K20: ='Target at CEO Endorsement'!H20 -> 0 | L20: ='Target at CEO Endorsement'!I20 -> 0
H21: ='Target at CEO Endorsement'!E21 -> 0 | I21: ='Target at CEO Endorsement'!F21 -> 0 | K21: ='Target at CEO Endorsement'!H21 -> 0 | L21: ='Target at CEO Endorsement'!I21 -> 0
H22: ='Target at CEO Endorsement'!E22 | I22: ='Target at CEO Endorsement'!F22 -> 0 | K22: ='Target at CEO Endorsement'!H22 -> 0 | L22: ='Target at CEO Endorsement'!I22 -> 0
H23: ='Target at CEO Endorsement'!E23 | I23: ='Target at CEO Endorsement'!F23 -> 0 | K23: ='Target at CEO Endorsement'!H23 -> 0 | L23: ='Target at CEO Endorsement'!I23 -> 0
H24: ='Target at CEO Endorsement'!E24 | I24: ='Target at CEO Endorsement'!F24 -> 0 | K24: ='Target at CEO Endorsement'!H24 -> 0 | L24: ='Target at CEO Endorsement'!I24 -> 0
H25: ='Target at CEO Endorsement'!E25 | I25: ='Target at CEO Endorsement'!F25 -> 0 | K25: ='Target at CEO Endorsement'!H25 -> 0 | L25: ='Target at CEO Endorsement'!I25 -> 0
H26: ='Target at CEO Endorsement'!E26 | I26: ='Target at CEO Endorsement'!F26 -> 0 | K26: ='Target at CEO Endorsement'!H26 -> 0 | L26: ='Target at CEO Endorsement'!I26 -> 0
E27: Type | F27: Score | H27: Type | I27: Score | K27: Type | L27: Score
B28: Indicator 1.1.3 | C28: For each action listed under Indicator 1.1.1, indicate to what extent targets set out in plans have been met | D28: Score: 1= Not significantly 2= Significantly 3= significantly | H28: ='Target at CEO Endorsement'!E28 -> 0 | I28: ='Target at CEO Endorsement'!F28 -> 0 | K28: ='Target at CEO Endorsement'!H28 -> 0 | L28: ='Target at CEO Endorsement'!I28 -> 0
H29: ='Target at CEO Endorsement'!E29 -> 0 | I29: ='Target at CEO Endorsement'!F29 -> 0 | K29: ='Target at CEO Endorsement'!H29 -> 0 | L29: ='Target at CEO Endorsement'!I29 -> 0
H30: ='Target at CEO Endorsement'!E30 -> 0 | I30: ='Target at CEO Endorsement'!F30 -> 0 | K30: ='Target at CEO Endorsement'!H30 -> 0 | L30: ='Target at CEO Endorsement'!I30 -> 0
H31: ='Target at CEO Endorsement'!E31 -> 0 | I31: ='Target at CEO Endorsement'!F31 -> 0 | K31: ='Target at CEO Endorsement'!H31 -> 0 | L31: ='Target at CEO Endorsement'!I31 -> 0
H32: ='Target at CEO Endorsement'!E32 -> 0 | I32: ='Target at CEO Endorsement'!F32 -> 0 | K32: ='Target at CEO Endorsement'!H32 -> 0 | L32: ='Target at CEO Endorsement'!I32 -> 0
H33: ='Target at CEO Endorsement'!E33 -> 0 | I33: ='Target at CEO Endorsement'!F33 -> 0 | K33: ='Target at CEO Endorsement'!H33 -> 0 | L33: ='Target at CEO Endorsement'!I33 -> 0
H34: ='Target at CEO Endorsement'!E34 -> 0 | I34: ='Target at CEO Endorsement'!F34 -> 0 | K34: ='Target at CEO Endorsement'!H34 -> 0 | L34: ='Target at CEO Endorsement'!I34 -> 0
B35: Output 1.1.1: Adaptation measures and necessary budget allocations included in relevant frameworks
E36: Type | F36: Level | H36: Type | I36: Level | K36: Type | L36: Level
B37: Indicator 1.1.1.1 | C37: Development frameworks that include specific budgets for adaptation actions | D37: List type of development framework and briefly describe the level of the action | H37: ='Target at CEO Endorsement'!E37 -> 0 | I37: ='Target at CEO Endorsement'!F37 -> 0 | K37: ='Target at CEO Endorsement'!H37 -> 0 | L37: ='Target at CEO Endorsement'!I37 -> 0
H38: ='Target at CEO Endorsement'!E38 -> 0 | I38: ='Target at CEO Endorsement'!F38 -> 0 | K38: ='Target at CEO Endorsement'!H38 -> 0 | L38: ='Target at CEO Endorsement'!I38 -> 0
H39: ='Target at CEO Endorsement'!E39 -> 0 | I39: ='Target at CEO Endorsement'!F39 -> 0 | K39: ='Target at CEO Endorsement'!H39 -> 0 | L39: ='Target at CEO Endorsement'!I39 -> 0
H40: ='Target at CEO Endorsement'!E40 -> 0 | I40: ='Target at CEO Endorsement'!F40 -> 0 | K40: ='Target at CEO Endorsement'!H40 -> 0 | L40: ='Target at CEO Endorsement'!I40 -> 0
H41: ='Target at CEO Endorsement'!E41 -> 0 | I41: ='Target at CEO Endorsement'!F41 -> 0 | K41: ='Target at CEO Endorsement'!H41 -> 0 | L41: ='Target at CEO Endorsement'!I41 -> 0
H42: ='Target at CEO Endorsement'!E42 -> 0 | I42: ='Target at CEO Endorsement'!F42 -> 0 | K42: ='Target at CEO Endorsement'!H42 -> 0 | L42: ='Target at CEO Endorsement'!I42 -> 0
H43: ='Target at CEO Endorsement'!E43 -> 0 | I43: ='Target at CEO Endorsement'!F43 -> 0 | K43: ='Target at CEO Endorsement'!H43 -> 0 | L43: ='Target at CEO Endorsement'!I43 -> 0
E44: Type | F44: Level | H44: Type | I44: Level | K44: Type | L44: Level
B45: Indicator 1.1.1.2 | C45: Sectoral strategies that include specific budgets for adaptation actions | D45: List type and level | H45: ='Target at CEO Endorsement'!E45 -> 0 | I45: ='Target at CEO Endorsement'!F45 -> 0 | K45: ='Target at CEO Endorsement'!H45 -> 0 | L45: ='Target at CEO Endorsement'!I45 -> 0
H46: ='Target at CEO Endorsement'!E46 -> 0 | I46: ='Target at CEO Endorsement'!F46 -> 0 | K46: ='Target at CEO Endorsement'!H46 -> 0 | L46: ='Target at CEO Endorsement'!I46 -> 0
H47: ='Target at CEO Endorsement'!E47 -> 0 | I47: ='Target at CEO Endorsement'!F47 -> 0 | K47: ='Target at CEO Endorsement'!H47 -> 0 | L47: ='Target at CEO Endorsement'!I47 -> 0
H48: ='Target at CEO Endorsement'!E48 -> 0 | I48: ='Target at CEO Endorsement'!F48 -> 0 | K48: ='Target at CEO Endorsement'!H48 -> 0 | L48: ='Target at CEO Endorsement'!I48 -> 0
H49: ='Target at CEO Endorsement'!E49 -> 0 | I49: ='Target at CEO Endorsement'!F49 -> 0 | K49: ='Target at CEO Endorsement'!H49 -> 0 | L49: ='Target at CEO Endorsement'!I49 -> 0
H50: ='Target at CEO Endorsement'!E50 -> 0 | I50: ='Target at CEO Endorsement'!F50 -> 0 | K50: ='Target at CEO Endorsement'!H50 -> 0 | L50: ='Target at CEO Endorsement'!I50 -> 0
H51: ='Target at CEO Endorsement'!E51 -> 0 | I51: ='Target at CEO Endorsement'!F51 -> 0 | K51: ='Target at CEO Endorsement'!H51 -> 0 | L51: ='Target at CEO Endorsement'!I51 -> 0
E52: Type | F52: Level | H52: Type | I52: Level | K52: Type | L52: Level
B53: Indicator 1.1.1.3 | C53: Regulatory reform and fiscal incentive structures introduced that incorporate climate change risk management | D53: List type and level | H53: ='Target at CEO Endorsement'!E53 -> 0 | I53: ='Target at CEO Endorsement'!F53 -> 0 | K53: ='Target at CEO Endorsement'!H53 -> 0 | L53: ='Target at CEO Endorsement'!I53 -> 0
H54: ='Target at CEO Endorsement'!E54 -> 0 | I54: ='Target at CEO Endorsement'!F54 -> 0 | K54: ='Target at CEO Endorsement'!H54 -> 0 | L54: ='Target at CEO Endorsement'!I54 -> 0
H55: ='Target at CEO Endorsement'!E55 -> 0 | I55: ='Target at CEO Endorsement'!F55 -> 0 | K55: ='Target at CEO Endorsement'!H55 -> 0 | L55: ='Target at CEO Endorsement'!I55 -> 0
H56: ='Target at CEO Endorsement'!E56 -> 0 | I56: ='Target at CEO Endorsement'!F56 -> 0 | K56: ='Target at CEO Endorsement'!H56 -> 0 | L56: ='Target at CEO Endorsement'!I56 -> 0
H57: ='Target at CEO Endorsement'!E57 -> 0 | I57: ='Target at CEO Endorsement'!F57 -> 0 | K57: ='Target at CEO Endorsement'!H57 -> 0 | L57: ='Target at CEO Endorsement'!I57 -> 0
H58: ='Target at CEO Endorsement'!E58 -> 0 | I58: ='Target at CEO Endorsement'!F58 -> 0 | K58: ='Target at CEO Endorsement'!H58 -> 0 | L58: ='Target at CEO Endorsement'!I58 -> 0
B59: Outcome 1.2: Reduced vulnerability in development sectors
B60: Based on development sector(s) that project/program targets, select appropriate indicator(s) from list below or provide relevant indicator to track reduced vulnerability in targeted development sector:
B61: Indicator 1.2.1 | C61: Infection rates of population to climate- sensitive diseases as compared with past population infected per year similar climatic conditions (% change) | D61: % change | E61: na | H61: ='Target at CEO Endorsement'!$E$61 -> 0 | K61: 0% change
E62: Female | F62: Male | H62: Female | I62: Male | K62: Female | L62: Male
B63: Indicator 1.2.2 | C63: % of targeted population covered by innovative insurance mechanisms (dissagregated by gender) | D63: % dissagregated by gender | E63: na | F63: na | H63: ='Target at CEO Endorsement'!E63 -> 0 | I63: ='Target at CEO Endorsement'!$F$63 -> 0 | K63: ='Target at CEO Endorsement'!H63 -> 0 | L63: ='Target at CEO Endorsement'!I63 -> 0
B64: Indicator 1.2.3 | C64: Number of additional people provided with access to safe water supply and basic sanitation services given existing and projected climate change | D64: number dissagregated by gender | E64: 11102 | F64: 24015 | H64: ='Target at CEO Endorsement'!E64 -> 0 | I64: ='Target at CEO Endorsement'!$F$63 -> 0 | K64: ='Target at CEO Endorsement'!H64 -> 0 | L64: ='Target at CEO Endorsement'!I64 -> 0
B65: Indicator 1.2.4 | C65: Increase in water supply targeted areas | D65: tons/m3 | E65: no data | H65: ='Target at CEO Endorsement'!$E$65 -> 0 | K65: no increase
B66: Indicator 1.2.5 | C66: Increase in agricultural productivity in targeted areas | D66: tons/ha | E66: no data | H66: ='Target at CEO Endorsement'!$E$66 -> 0 | K66: no increase
B67: Indicator 1.2.6 | C67: Water availability for energy production | D67: (liters/gallons available for hydropower) | E67: na | H67: ='Target at CEO Endorsement'!$E$67 -> 0 | K67: ='Target at CEO Endorsement'!H67 -> 0
B68: Indicator 1.2.7 | C68: Energy production from hydropower | D68: (kW/hr generated from hydro) | E68: 0 | H68: ='Target at CEO Endorsement'!$E$68 -> 0 | K68: ='Target at CEO Endorsement'!H68 -> 0
B69: Indicator 1.2.8 | C69: % change in projected food production in targeted area given existing and projected climate change | D69: % change of food production (measured in tons/year) | E69: no data | H69: ='Target at CEO Endorsement'!$E$69 -> 0 | K69: 0% change
B70: Indicator 1.2.9 | C70: % change in food availability given existing and projected climate change | D70: % change in food availability (measured in tons/year) | E70: no data | H70: ='Target at CEO Endorsement'!$E$70 -> 0 | K70: 0% change
B71: Indicator 1.2.10 | C71: % change in income generation in targeted area given existing and projected climate change | D71: % change in income (US $) | E71: no data | H71: ='Target at CEO Endorsement'!$E$71 -> 0 | K71: 0% change
E72: Female | F72: Male | H72: Female | I72: Male | K72: Female | L72: Male
B73: Indicator 1.2.11 | C73: % of population with access to improved flood and drought management | D73: % of population disaggregated by gender | E73: 27.3 | F73: 72.7 | H73: ='Target at CEO Endorsement'!$E$73 -> 0.49 | I73: ='Target at CEO Endorsement'!$F$73 -> 0.51 | K73: ='Target at CEO Endorsement'!H73 -> 0 | L73: ='Target at CEO Endorsement'!I73 -> 0
B74: Indicator 1.2.12 | C74: % of livestock farmers covered by a monitoring and early warning and response action scheme for climate sensitive plants pests and diseases | D74: % of livestock farmers | E74: na | H74: ='Target at CEO Endorsement'!$E$74 -> 0 | K74: ='Target at CEO Endorsement'!H74 -> 0
B75: Indicator 1.2.13 | C75: % of cropland area covered by a monitoring and early warning and response action scheme for climate sensitive plants pests and diseases | D75: % of cropland area (Ha) | E75: na | H75: ='Target at CEO Endorsement'!$E$75 -> 0 | K75: ='Target at CEO Endorsement'!H75 -> 0
E76: Female | F76: Male | H76: Female | I76: Male | K76: Female | L76: Male
B77: Indicator 1.2.14 | C77: Vulnerability and risk perception index (Score) - Disaggregated by gender | D77: The score for this indicator will have to be assigned based on the results of a conducted survey. The score ranges from 1 to 5 and below are the explanations of the rankings: 1. Extreme Vulnerability 2. High Vulnerability 3. Medium Vulenrability 4. Low Vulnerability 5. No Vulnerability | H77: ='Target at CEO Endorsement'!$E$77 -> 0 | I77: ='Target at CEO Endorsement'!$F$77 -> 0 | K77: ='Target at CEO Endorsement'!H77 -> 0 | L77: ='Target at CEO Endorsement'!I77 -> 0
H78: ='Target at CEO Endorsement'!$E$78 -> 0 | I78: ='Target at CEO Endorsement'!$F$78 -> 0 | K78: ='Target at CEO Endorsement'!H78 -> 0 | L78: ='Target at CEO Endorsement'!I78 -> 0
H79: ='Target at CEO Endorsement'!$E$79 -> 0 | I79: ='Target at CEO Endorsement'!$F$79 -> 0 | K79: ='Target at CEO Endorsement'!H79 -> 0 | L79: ='Target at CEO Endorsement'!I79 -> 0
H80: ='Target at CEO Endorsement'!$E$80 -> 0 | I80: ='Target at CEO Endorsement'!$F$80 -> 0 | K80: ='Target at CEO Endorsement'!H80 -> 0 | L80: ='Target at CEO Endorsement'!I80 -> 0
H81: ='Target at CEO Endorsement'!$E$81 -> 0 | I81: ='Target at CEO Endorsement'!$F$81 -> 0 | K81: ='Target at CEO Endorsement'!H81 -> 0 | L81: ='Target at CEO Endorsement'!I81 -> 0
H82: ='Target at CEO Endorsement'!$E$82 -> 0 | I82: ='Target at CEO Endorsement'!$F$82 -> 0 | K82: ='Target at CEO Endorsement'!H82 -> 0 | L82: ='Target at CEO Endorsement'!I82 -> 0
H83: ='Target at CEO Endorsement'!$E$83 -> 0 | I83: ='Target at CEO Endorsement'!$F$83 -> 0 | K83: ='Target at CEO Endorsement'!H83 -> 0 | L83: ='Target at CEO Endorsement'!I83 -> 0
B84: Output 1.2.1: Vulnerable physical, natural and social assets strengthened in response to climate change impacts, including variability
B85: As with Outcome indicators, include or select indicators, include or select indicator(s) relevant to sector project/program is targeting:
E86: Type | F86: Level | H86: Type | I86: Level | K86: Type | L86: Level
B87: Indicator 1.2.1.1 | C87: Health measures introduced to respond to climate sensitive disease | D87: Type and level | E87: na | H87: ='Target at CEO Endorsement'!E87 -> 0 | I87: ='Target at CEO Endorsement'!F87 -> 0 | K87: ='Target at CEO Endorsement'!H87 -> 0 | L87: ='Target at CEO Endorsement'!I87 -> 0
H88: ='Target at CEO Endorsement'!E88 -> 0 | I88: ='Target at CEO Endorsement'!F88 -> 0 | K88: ='Target at CEO Endorsement'!H88 -> 0 | L88: ='Target at CEO Endorsement'!I88 -> 0
H89: ='Target at CEO Endorsement'!E89 -> 0 | I89: ='Target at CEO Endorsement'!F89 -> 0 | K89: ='Target at CEO Endorsement'!H89 -> 0 | L89: ='Target at CEO Endorsement'!I89 -> 0
H90: ='Target at CEO Endorsement'!E90 -> 0 | I90: ='Target at CEO Endorsement'!F90 -> 0 | K90: ='Target at CEO Endorsement'!H90 -> 0 | L90: ='Target at CEO Endorsement'!I90 -> 0
H91: ='Target at CEO Endorsement'!E91 -> 0 | I91: ='Target at CEO Endorsement'!F91 -> 0 | K91: ='Target at CEO Endorsement'!H91 -> 0 | L91: ='Target at CEO Endorsement'!I91 -> 0
H92: ='Target at CEO Endorsement'!E92 -> 0 | I92: ='Target at CEO Endorsement'!F92 -> 0 | K92: ='Target at CEO Endorsement'!H92 -> 0 | L92: ='Target at CEO Endorsement'!I92 -> 0
H93: ='Target at CEO Endorsement'!E93 -> 0 | I93: ='Target at CEO Endorsement'!F93 -> 0 | K93: ='Target at CEO Endorsement'!H93 -> 0 | L93: ='Target at CEO Endorsement'!I93 -> 0
E94: Type | F94: Level | H94: Type | I94: Level | K94: Type | L94: Level
B95: Indicator 1.2.1.2 | C95: Resilient infrastructure measures introduced to prevent economic losses | D95: Type and level | H95: ='Target at CEO Endorsement'!E95 -> 0 | I95: ='Target at CEO Endorsement'!F95 -> 0 | K95: ='Target at CEO Endorsement'!H95 -> 0 | L95: ='Target at CEO Endorsement'!I95 -> 0
E96: Physical soil water conservation structures | F96: Under Implementation | H96: ='Target at CEO Endorsement'!E96 -> Physical soil water conservation structures | I96: ='Target at CEO Endorsement'!F96 -> Community | K96: ='Target at CEO Endorsement'!H96 -> 0 | L96: ='Target at CEO Endorsement'!I96 -> 0
E97: Biological soil and water conservation measures | F97: Under Implementation | H97: ='Target at CEO Endorsement'!E97 -> Biological soil and water conservation measures | I97: ='Target at CEO Endorsement'!F97 -> Community | K97: ='Target at CEO Endorsement'!H97 -> 0 | L97: ='Target at CEO Endorsement'!I97 -> 0
E98: Water harvesting stuctures | F98: Under Implementation | H98: ='Target at CEO Endorsement'!E98 -> Water harvesting stuctures | I98: ='Target at CEO Endorsement'!F98 -> Community | K98: ='Target at CEO Endorsement'!H98 -> 0 | L98: ='Target at CEO Endorsement'!I98 -> 0
E99: Water lifting structures | F99: Under Implementation | H99: ='Target at CEO Endorsement'!E99 -> Water lifting structures | I99: ='Target at CEO Endorsement'!F99 -> Community | K99: ='Target at CEO Endorsement'!H99 -> 0 | L99: ='Target at CEO Endorsement'!I99 -> 0
E100: Small scale irrigation schemes | F100: Under Implementation | H100: ='Target at CEO Endorsement'!E100 -> Small scale irrigation schemes | I100: ='Target at CEO Endorsement'!F100 -> Community | K100: ='Target at CEO Endorsement'!H100 -> 0 | L100: ='Target at CEO Endorsement'!I100 -> 0
H101: ='Target at CEO Endorsement'!E101 -> 0 | I101: ='Target at CEO Endorsement'!F101 -> 0 | K101: ='Target at CEO Endorsement'!H101 -> 0 | L101: ='Target at CEO Endorsement'!I101 -> 0
E102: Type | F102: Level | H102: Type | I102: Level | K102: Type | L102: Level
...

Sheet Terminal Results
C1: Climate Change Adaptation - LDCF/SCCF Adaptation Monitoring and Assessment Tool
B2: Goal: Support developing countries to become climate resilient by integrating adaptation measures in development policies, plans, programs, projects and actions
B3: Impact: Reduced absolute economic losses at country level (including loss of life, property and ecosystem services) due to climate change, including variability
B4: Indicator: Economic loss trend over a project period and beyond due to climate change, including variability
B5: Metric: Total property loss per event in $US/ Number of people affected by event during the project lifetime (Use CRED or Country Data)
B8: Objective 1: Reduce vulnerability to the adverse impacts of climate change, including variability, at local, national, regional and global level
C9: Outcome and Output Indicators | D9: Metric | E9: Terminal Results | H9: Target at CEO Endorsement | K9: Baseline
B10: Outcome 1.1: Mainstreamed adaptation in broader development frameworks at country level and in targeted vulnerable areas
E11: Number | F11: Type | H11: Number | I11: Type | K11: Number | L11: Type
B12: Indicator 1.1.1 | C12: Adaptation actions implemented in national/sub-regional development frameworks | D12: Number and type | H12: ='Target at CEO Endorsement'!E12 -> 0 | I12: ='Target at CEO Endorsement'!F12 -> 0 | K12: ='Target at CEO Endorsement'!H12 -> 0 | L12: ='Target at CEO Endorsement'!I12 -> 0
H13: ='Target at CEO Endorsement'!E13 -> 0 | I13: ='Target at CEO Endorsement'!F13 -> 0 | K13: ='Target at CEO Endorsement'!H13 -> 0 | L13: ='Target at CEO Endorsement'!I13 -> 0
H14: ='Target at CEO Endorsement'!E14 -> 0 | I14: ='Target at CEO Endorsement'!F14 -> 0 | K14: ='Target at CEO Endorsement'!H14 -> 0 | L14: ='Target at CEO Endorsement'!I14 -> 0
H15: ='Target at CEO Endorsement'!E15 -> 0 | I15: ='Target at CEO Endorsement'!F15 -> 0 | K15: ='Target at CEO Endorsement'!H15 -> 0 | L15: ='Target at CEO Endorsement'!I15 -> 0
H16: ='Target at CEO Endorsement'!E16 -> 0 | I16: ='Target at CEO Endorsement'!F16 -> 0 | K16: ='Target at CEO Endorsement'!H16 -> 0 | L16: ='Target at CEO Endorsement'!I16 -> 0
H17: ='Target at CEO Endorsement'!E17 -> 0 | I17: ='Target at CEO Endorsement'!F17 -> 0 | K17: ='Target at CEO Endorsement'!H17 -> 0 | L17: ='Target at CEO Endorsement'!I17 -> 0
H18: ='Target at CEO Endorsement'!E18 -> 0 | I18: ='Target at CEO Endorsement'!F18 -> 0 | K18: ='Target at CEO Endorsement'!H18 -> 0 | L18: ='Target at CEO Endorsement'!I18 -> 0
E19: Type | F19: YES/NO | H19: Type | I19: YES/NO | K19: Type | L19: YES/NO
B20: Indicator 1.1.2 | C20: For each action listedunder Indicator 1.1.1, indicate which ones include adaptation budget allocation and targets | D20: Yes =Y, No=N | H20: ='Target at CEO Endorsement'!E20 -> 0 | I20: ='Target at CEO Endorsement'!F20 -> 0 | K20: ='Target at CEO Endorsement'!H20 -> 0 | L20: ='Target at CEO Endorsement'!I20 -> 0
H21: ='Target at CEO Endorsement'!E21 -> 0 | I21: ='Target at CEO Endorsement'!F21 -> 0 | K21: ='Target at CEO Endorsement'!H21 -> 0 | L21: ='Target at CEO Endorsement'!I21 -> 0
H22: ='Target at CEO Endorsement'!E22 | I22: ='Target at CEO Endorsement'!F22 -> 0 | K22: ='Target at CEO Endorsement'!H22 -> 0 | L22: ='Target at CEO Endorsement'!I22 -> 0
H23: ='Target at CEO Endorsement'!E23 | I23: ='Target at CEO Endorsement'!F23 -> 0 | K23: ='Target at CEO Endorsement'!H23 -> 0 | L23: ='Target at CEO Endorsement'!I23 -> 0
H24: ='Target at CEO Endorsement'!E24 | I24: ='Target at CEO Endorsement'!F24 -> 0 | K24: ='Target at CEO Endorsement'!H24 -> 0 | L24: ='Target at CEO Endorsement'!I24 -> 0
H25: ='Target at CEO Endorsement'!E25 | I25: ='Target at CEO Endorsement'!F25 -> 0 | K25: ='Target at CEO Endorsement'!H25 -> 0 | L25: ='Target at CEO Endorsement'!I25 -> 0
H26: ='Target at CEO Endorsement'!E26 | I26: ='Target at CEO Endorsement'!F26 -> 0 | K26: ='Target at CEO Endorsement'!H26 -> 0 | L26: ='Target at CEO Endorsement'!I26 -> 0
E27: Type | F27: Score | H27: Type | I27: Score | K27: Type | L27: Score
B28: Indicator 1.1.3 | C28: For each action listed under Indicator 1.1.1, indicate to what extent targets set out in plans have been met | D28: Score: 1= Not significantly 2= Significantly 3= significantly | H28: ='Target at CEO Endorsement'!E28 -> 0 | I28: ='Target at CEO Endorsement'!F28 -> 0 | K28: ='Target at CEO Endorsement'!H28 -> 0 | L28: ='Target at CEO Endorsement'!I28 -> 0
H29: ='Target at CEO Endorsement'!E29 -> 0 | I29: ='Target at CEO Endorsement'!F29 -> 0 | K29: ='Target at CEO Endorsement'!H29 -> 0 | L29: ='Target at CEO Endorsement'!I29 -> 0
H30: ='Target at CEO Endorsement'!E30 -> 0 | I30: ='Target at CEO Endorsement'!F30 -> 0 | K30: ='Target at CEO Endorsement'!H30 -> 0 | L30: ='Target at CEO Endorsement'!I30 -> 0
H31: ='Target at CEO Endorsement'!E31 -> 0 | I31: ='Target at CEO Endorsement'!F31 -> 0 | K31: ='Target at CEO Endorsement'!H31 -> 0 | L31: ='Target at CEO Endorsement'!I31 -> 0
H32: ='Target at CEO Endorsement'!E32 -> 0 | I32: ='Target at CEO Endorsement'!F32 -> 0 | K32: ='Target at CEO Endorsement'!H32 -> 0 | L32: ='Target at CEO Endorsement'!I32 -> 0
H33: ='Target at CEO Endorsement'!E33 -> 0 | I33: ='Target at CEO Endorsement'!F33 -> 0 | K33: ='Target at CEO Endorsement'!H33 -> 0 | L33: ='Target at CEO Endorsement'!I33 -> 0
H34: ='Target at CEO Endorsement'!E34 -> 0 | I34: ='Target at CEO Endorsement'!F34 -> 0 | K34: ='Target at CEO Endorsement'!H34 -> 0 | L34: ='Target at CEO Endorsement'!I34 -> 0
B35: Output 1.1.1: Adaptation measures and necessary budget allocations included in relevant frameworks
E36: Type | F36: Level | H36: Type | I36: Level | K36: Type | L36: Level
B37: Indicator 1.1.1.1 | C37: Development frameworks that include specific budgets for adaptation actions | D37: List type of development framework and briefly describe the level of the action | H37: ='Target at CEO Endorsement'!E37 -> 0 | I37: ='Target at CEO Endorsement'!F37 -> 0 | K37: ='Target at CEO Endorsement'!H37 -> 0 | L37: ='Target at CEO Endorsement'!I37 -> 0
H38: ='Target at CEO Endorsement'!E38 -> 0 | I38: ='Target at CEO Endorsement'!F38 -> 0 | K38: ='Target at CEO Endorsement'!H38 -> 0 | L38: ='Target at CEO Endorsement'!I38 -> 0
H39: ='Target at CEO Endorsement'!E39 -> 0 | I39: ='Target at CEO Endorsement'!F39 -> 0 | K39: ='Target at CEO Endorsement'!H39 -> 0 | L39: ='Target at CEO Endorsement'!I39 -> 0
H40: ='Target at CEO Endorsement'!E40 -> 0 | I40: ='Target at CEO Endorsement'!F40 -> 0 | K40: ='Target at CEO Endorsement'!H40 -> 0 | L40: ='Target at CEO Endorsement'!I40 -> 0
H41: ='Target at CEO Endorsement'!E41 -> 0 | I41: ='Target at CEO Endorsement'!F41 -> 0 | K41: ='Target at CEO Endorsement'!H41 -> 0 | L41: ='Target at CEO Endorsement'!I41 -> 0
H42: ='Target at CEO Endorsement'!E42 -> 0 | I42: ='Target at CEO Endorsement'!F42 -> 0 | K42: ='Target at CEO Endorsement'!H42 -> 0 | L42: ='Target at CEO Endorsement'!I42 -> 0
H43: ='Target at CEO Endorsement'!E43 -> 0 | I43: ='Target at CEO Endorsement'!F43 -> 0 | K43: ='Target at CEO Endorsement'!H43 -> 0 | L43: ='Target at CEO Endorsement'!I43 -> 0
E44: Type | F44: Level | H44: Type | I44: Level | K44: Type | L44: Level
B45: Indicator 1.1.1.2 | C45: Sectoral strategies that include specific budgets for adaptation actions | D45: List type and level | H45: ='Target at CEO Endorsement'!E45 -> 0 | I45: ='Target at CEO Endorsement'!F45 -> 0 | K45: ='Target at CEO Endorsement'!H45 -> 0 | L45: ='Target at CEO Endorsement'!I45 -> 0
H46: ='Target at CEO Endorsement'!E46 -> 0 | I46: ='Target at CEO Endorsement'!F46 -> 0 | K46: ='Target at CEO Endorsement'!H46 -> 0 | L46: ='Target at CEO Endorsement'!I46 -> 0
H47: ='Target at CEO Endorsement'!E47 -> 0 | I47: ='Target at CEO Endorsement'!F47 -> 0 | K47: ='Target at CEO Endorsement'!H47 -> 0 | L47: ='Target at CEO Endorsement'!I47 -> 0
H48: ='Target at CEO Endorsement'!E48 -> 0 | I48: ='Target at CEO Endorsement'!F48 -> 0 | K48: ='Target at CEO Endorsement'!H48 -> 0 | L48: ='Target at CEO Endorsement'!I48 -> 0
H49: ='Target at CEO Endorsement'!E49 -> 0 | I49: ='Target at CEO Endorsement'!F49 -> 0 | K49: ='Target at CEO Endorsement'!H49 -> 0 | L49: ='Target at CEO Endorsement'!I49 -> 0
H50: ='Target at CEO Endorsement'!E50 -> 0 | I50: ='Target at CEO Endorsement'!F50 -> 0 | K50: ='Target at CEO Endorsement'!H50 -> 0 | L50: ='Target at CEO Endorsement'!I50 -> 0
H51: ='Target at CEO Endorsement'!E51 -> 0 | I51: ='Target at CEO Endorsement'!F51 -> 0 | K51: ='Target at CEO Endorsement'!H51 -> 0 | L51: ='Target at CEO Endorsement'!I51 -> 0
E52: Type | F52: Level | H52: Type | I52: Level | K52: Type | L52: Level
B53: Indicator 1.1.1.3 | C53: Regulatory reform and fiscal incentive structures introduced that incorporate climate change risk management | D53: List type and level | H53: ='Target at CEO Endorsement'!E53 -> 0 | I53: ='Target at CEO Endorsement'!F53 -> 0 | K53: ='Target at CEO Endorsement'!H53 -> 0 | L53: ='Target at CEO Endorsement'!I53 -> 0
H54: ='Target at CEO Endorsement'!E54 -> 0 | I54: ='Target at CEO Endorsement'!F54 -> 0 | K54: ='Target at CEO Endorsement'!H54 -> 0 | L54: ='Target at CEO Endorsement'!I54 -> 0
H55: ='Target at CEO Endorsement'!E55 -> 0 | I55: ='Target at CEO Endorsement'!F55 -> 0 | K55: ='Target at CEO Endorsement'!H55 -> 0 | L55: ='Target at CEO Endorsement'!I55 -> 0
H56: ='Target at CEO Endorsement'!E56 -> 0 | I56: ='Target at CEO Endorsement'!F56 -> 0 | K56: ='Target at CEO Endorsement'!H56 -> 0 | L56: ='Target at CEO Endorsement'!I56 -> 0
H57: ='Target at CEO Endorsement'!E57 -> 0 | I57: ='Target at CEO Endorsement'!F57 -> 0 | K57: ='Target at CEO Endorsement'!H57 -> 0 | L57: ='Target at CEO Endorsement'!I57 -> 0
H58: ='Target at CEO Endorsement'!E58 -> 0 | I58: ='Target at CEO Endorsement'!F58 -> 0 | K58: ='Target at CEO Endorsement'!H58 -> 0 | L58: ='Target at CEO Endorsement'!I58 -> 0
B59: Outcome 1.2: Reduced vulnerability in development sectors
B60: Based on development sector(s) that project/program targets, select appropriate indicator(s) from list below or provide relevant indicator to track reduced vulnerability in targeted development sector:
B61: Indicator 1.2.1 | C61: Infection rates of population to climate- sensitive diseases as compared with past population infected per year similar climatic conditions (% change) | D61: % change | H61: ='Target at CEO Endorsement'!$E$61 -> 0 | K61: 0% change
E62: Female | F62: Male | H62: Female | I62: Male | K62: Female | L62: Male
B63: Indicator 1.2.2 | C63: % of targeted population covered by innovative insurance mechanisms (dissagregated by gender) | D63: % dissagregated by gender | H63: ='Target at CEO Endorsement'!E63 -> 0 | I63: ='Target at CEO Endorsement'!$F$63 -> 0 | K63: ='Target at CEO Endorsement'!H63 -> 0 | L63: ='Target at CEO Endorsement'!I63 -> 0
B64: Indicator 1.2.3 | C64: Number of additional people provided with access to safe water supply and basic sanitation services given existing and projected climate change | D64: number dissagregated by gender | H64: ='Target at CEO Endorsement'!E64 -> 0 | I64: ='Target at CEO Endorsement'!$F$63 -> 0 | K64: ='Target at CEO Endorsement'!H64 -> 0 | L64: ='Target at CEO Endorsement'!I64 -> 0
B65: Indicator 1.2.4 | C65: Increase in water supply targeted areas | D65: tons/m3 | H65: ='Target at CEO Endorsement'!$E$65 -> 0 | K65: no increase
B66: Indicator 1.2.5 | C66: Increase in agricultural productivity in targeted areas | D66: tons/ha | H66: ='Target at CEO Endorsement'!$E$66 -> 0 | K66: no increase
B67: Indicator 1.2.6 | C67: Water availability for energy production | D67: (liters/gallons available for hydropower) | H67: ='Target at CEO Endorsement'!$E$67 -> 0 | K67: ='Target at CEO Endorsement'!H67 -> 0
B68: Indicator 1.2.7 | C68: Energy production from hydropower | D68: (kW/hr generated from hydro) | H68: ='Target at CEO Endorsement'!$E$68 -> 0 | K68: ='Target at CEO Endorsement'!H68 -> 0
B69: Indicator 1.2.8 | C69: % change in projected food production in targeted area given existing and projected climate change | D69: % change of food production (measured in tons/year) | H69: ='Target at CEO Endorsement'!$E$69 -> 0 | K69: 0% change
B70: Indicator 1.2.9 | C70: % change in food availability given existing and projected climate change | D70: % change in food availability (measured in tons/year) | H70: ='Target at CEO Endorsement'!$E$70 -> 0 | K70: 0% change
B71: Indicator 1.2.10 | C71: % change in income generation in targeted area given existing and projected climate change | D71: % change in income (US $) | H71: ='Target at CEO Endorsement'!$E$71 -> 0 | K71: 0% change
E72: Female | F72: Male | H72: Female | I72: Male | K72: Female | L72: Male
B73: Indicator 1.2.11 | C73: % of population with access to improved flood and drought management | D73: % of population disaggregated by gender | H73: ='Target at CEO Endorsement'!$E$73 -> 0.49 | I73: ='Target at CEO Endorsement'!$F$73 -> 0.51 | K73: ='Target at CEO Endorsement'!H73 -> 0 | L73: ='Target at CEO Endorsement'!I73 -> 0
B74: Indicator 1.2.12 | C74: % of livestock farmers covered by a monitoring and early warning and response action scheme for climate sensitive plants pests and diseases | D74: % of livestock farmers | H74: ='Target at CEO Endorsement'!$E$74 -> 0 | K74: ='Target at CEO Endorsement'!H74 -> 0
B75: Indicator 1.2.13 | C75: % of cropland area covered by a monitoring and early warning and response action scheme for climate sensitive plants pests and diseases | D75: % of cropland area (Ha) | H75: ='Target at CEO Endorsement'!$E$75 -> 0 | K75: ='Target at CEO Endorsement'!H75 -> 0
E76: Female | F76: Male | H76: Female | I76: Male | K76: Female | L76: Male
B77: Indicator 1.2.14 | C77: Vulnerability and risk perception index (Score) - Disaggregated by gender | D77: The score for this indicator will have to be assigned based on the results of a conducted survey. The score ranges from 1 to 5 and below are the explanations of the rankings: 1. Extreme Vulnerability 2. High Vulnerability 3. Medium Vulenrability 4. Low Vulnerability 5. No Vulnerability | H77: ='Target at CEO Endorsement'!$E$77 -> 0 | I77: ='Target at CEO Endorsement'!$F$77 -> 0 | K77: ='Target at CEO Endorsement'!H77 -> 0 | L77: ='Target at CEO Endorsement'!I77 -> 0
H78: ='Target at CEO Endorsement'!$E$78 -> 0 | I78: ='Target at CEO Endorsement'!$F$78 -> 0 | K78: ='Target at CEO Endorsement'!H78 -> 0 | L78: ='Target at CEO Endorsement'!I78 -> 0
H79: ='Target at CEO Endorsement'!$E$79 -> 0 | I79: ='Target at CEO Endorsement'!$F$79 -> 0 | K79: ='Target at CEO Endorsement'!H79 -> 0 | L79: ='Target at CEO Endorsement'!I79 -> 0
H80: ='Target at CEO Endorsement'!$E$80 -> 0 | I80: ='Target at CEO Endorsement'!$F$80 -> 0 | K80: ='Target at CEO Endorsement'!H80 -> 0 | L80: ='Target at CEO Endorsement'!I80 -> 0
H81: ='Target at CEO Endorsement'!$E$81 -> 0 | I81: ='Target at CEO Endorsement'!$F$81 -> 0 | K81: ='Target at CEO Endorsement'!H81 -> 0 | L81: ='Target at CEO Endorsement'!I81 -> 0
H82: ='Target at CEO Endorsement'!$E$82 -> 0 | I82: ='Target at CEO Endorsement'!$F$82 -> 0 | K82: ='Target at CEO Endorsement'!H82 -> 0 | L82: ='Target at CEO Endorsement'!I82 -> 0
H83: ='Target at CEO Endorsement'!$E$83 -> 0 | I83: ='Target at CEO Endorsement'!$F$83 -> 0 | K83: ='Target at CEO Endorsement'!H83 -> 0 | L83: ='Target at CEO Endorsement'!I83 -> 0
B84: Output 1.2.1: Vulnerable physical, natural and social assets strengthened in response to climate change impacts, including variability
B85: As with Outcome indicators, include or select indicators, include or select indicator(s) relevant to sector project/program is targeting:
E86: Type | F86: Level | H86: Type | I86: Level | K86: Type | L86: Level
B87: Indicator 1.2.1.1 | C87: Health measures introduced to respond to climate sensitive disease | D87: Type and level | H87: ='Target at CEO Endorsement'!E87 -> 0 | I87: ='Target at CEO Endorsement'!F87 -> 0 | K87: ='Target at CEO Endorsement'!H87 -> 0 | L87: ='Target at CEO Endorsement'!I87 -> 0
H88: ='Target at CEO Endorsement'!E88 -> 0 | I88: ='Target at CEO Endorsement'!F88 -> 0 | K88: ='Target at CEO Endorsement'!H88 -> 0 | L88: ='Target at CEO Endorsement'!I88 -> 0
H89: ='Target at CEO Endorsement'!E89 -> 0 | I89: ='Target at CEO Endorsement'!F89 -> 0 | K89: ='Target at CEO Endorsement'!H89 -> 0 | L89: ='Target at CEO Endorsement'!I89 -> 0
H90: ='Target at CEO Endorsement'!E90 -> 0 | I90: ='Target at CEO Endorsement'!F90 -> 0 | K90: ='Target at CEO Endorsement'!H90 -> 0 | L90: ='Target at CEO Endorsement'!I90 -> 0
H91: ='Target at CEO Endorsement'!E91 -> 0 | I91: ='Target at CEO Endorsement'!F91 -> 0 | K91: ='Target at CEO Endorsement'!H91 -> 0 | L91: ='Target at CEO Endorsement'!I91 -> 0
H92: ='Target at CEO Endorsement'!E92 -> 0 | I92: ='Target at CEO Endorsement'!F92 -> 0 | K92: ='Target at CEO Endorsement'!H92 -> 0 | L92: ='Target at CEO Endorsement'!I92 -> 0
H93: ='Target at CEO Endorsement'!E93 -> 0 | I93: ='Target at CEO Endorsement'!F93 -> 0 | K93: ='Target at CEO Endorsement'!H93 -> 0 | L93: ='Target at CEO Endorsement'!I93 -> 0
E94: Type | F94: Level | H94: Type | I94: Level | K94: Type | L94: Level
B95: Indicator 1.2.1.2 | C95: Resilient infrastructure measures introduced to prevent economic losses | D95: Type and level | H95: ='Target at CEO Endorsement'!E95 -> 0 | I95: ='Target at CEO Endorsement'!F95 -> 0 | K95: ='Target at CEO Endorsement'!H95 -> 0 | L95: ='Target at CEO Endorsement'!I95 -> 0
E96: Physical soil water conservation structures | F96: community | H96: ='Target at CEO Endorsement'!E96 -> Physical soil water conservation structures | I96: ='Target at CEO Endorsement'!F96 -> Community | K96: ='Target at CEO Endorsement'!H96 -> 0 | L96: ='Target at CEO Endorsement'!I96 -> 0
E97: Biological soil and water conservation measures | F97: community | H97: ='Target at CEO Endorsement'!E97 -> Biological soil and water conservation measures | I97: ='Target at CEO Endorsement'!F97 -> Community | K97: ='Target at CEO Endorsement'!H97 -> 0 | L97: ='Target at CEO Endorsement'!I97 -> 0
E98: Water harvesting stuctures | F98: community | H98: ='Target at CEO Endorsement'!E98 -> Water harvesting stuctures | I98: ='Target at CEO Endorsement'!F98 -> Community | K98: ='Target at CEO Endorsement'!H98 -> 0 | L98: ='Target at CEO Endorsement'!I98 -> 0
E99: Water lifting structures | F99: community | H99: ='Target at CEO Endorsement'!E99 -> Water lifting structures | I99: ='Target at CEO Endorsement'!F99 -> Community | K99: ='Target at CEO Endorsement'!H99 -> 0 | L99: ='Target at CEO Endorsement'!I99 -> 0
E100: Small scale irrigation schemes | F100: community | H100: ='Target at CEO Endorsement'!E100 -> Small scale irrigation schemes | I100: ='Target at CEO Endorsement'!F100 -> Community | K100: ='Target at CEO Endorsement'!H100 -> 0 | L100: ='Target at CEO Endorsement'!I100 -> 0
H101: ='Target at CEO Endorsement'!E101 -> 0 | I101: ='Target at CEO Endorsement'!F101 -> 0 | K101: ='Target at CEO Endorsement'!H101 -> 0 | L101: ='Target at CEO Endorsement'!I101 -> 0
E102: Type | F102: Level | H102: Type | I102: Level | K102: Type | L102: Level
...
